 Dungeon Crawl Stone Soup version 0.23.2-40-g277498a001 (webtiles) character file.

Game seed: 6018561746554392103

235714 DildoBatman the Unseen (level 20, -11/147 HPs)
             Began as a Formicid Wizard on Aug 14, 2019.
             Was an Initiate of Gozag.
             Mangled by Cigotuvi's Monster (18 damage)
             ... in a wizard's laboratory on Aug 15, 2019.
             The game lasted 03:40:58 (38374 turns).

DildoBatman the Unseen (Formicid Wizard)           Turns: 38374, Time: 03:40:58

Health: -11/147    AC: 19    Str: 22    XL:     20   Next: 43%
Magic:  32/32      EV: 18    Int: 25    God:    Gozag
Gold:   7789       SH: 20    Dex: 14    Spells: 12/35 levels left

rFire    . . .     SeeInvis +   a - +9 spear of the Four Wonders {flame, rPois}
rCold    . . .     Gourm    .   L - +0 large shield
rNeg     . . .     Faith    .   V - +4 troll leather armour
rPois    +         Spirit   .   (helmet unavailable)
rElec    +         Reflect  .   U - +2 cloak {+Inv}
rCorr    .         Harm     .   i - +2 pair of gloves {Str+3}
MR       +++..                  h - +2 pair of boots of the Assassin {Detection Stab+ Stlth++}
Stlth    +++++++++.             r - amulet of regeneration
HPRegen  1.14/turn              w - ring "Xysush" {rElec MR+}
MPRegen  0.23/turn              O - +3 ring of slaying

@: mighty, agile, constricted
A: permanent stasis, dig shafts and tunnels, four strong arms, antennae 3
}: 1/15 runes: gossamer
a: Dig, Shaft Self, Potion Petition, Call Merchant, Bribe Branch, Renounce
Religion, Evoke Invisibility


You were in a wizard's laboratory.
You worshipped Gozag.
Gozag was greatly pleased with you.
You were not hungry.

You visited 7 branches of the dungeon, and saw 34 of its levels.
You also visited: Sewer and Wizlab.

You collected 12376 gold pieces.
You spent 3025 gold pieces at shops.
You paid 1562 gold pieces to Gozag.

Inventory:

Hand Weapons
 a - the +9 spear of the Four Wonders (weapon) {flame, rPois}
   (You took it off a spriggan rider on level 6 of the Lair of Beasts)

   It has been specially enchanted to burn those struck by it, causing extra
   injury to most foes and up to half again as much damage against particularly
   susceptible opponents.
   It protects you from poison.
Armour
 h - the +2 pair of boots of the Assassin (worn) {Detection Stab+ Stlth++}
   (You acquired it on level 2 of the Orcish Mines)

   It makes you much more stealthy.
 i - a +2 pair of gloves of strength (worn)
 L - a +0 large shield (worn)
 U - a +2 cloak of invisibility (worn)
 V - a +4 troll leather armour (worn)
Jewellery
 r - an amulet of regeneration (around neck)
 w - the ring "Xysush" (left hand) {rElec MR+}
   (You took it off a wight on level 11 of the Dungeon)

   [ring of protection from magic]

   It insulates you from electricity.
   It affects your resistance to hostile enchantments.
 M - an uncursed ring of fire
 O - a +3 ring of slaying (right hand)
 W - the ring of Paceubett {rElec rF+ Str+3 Dex-3}
   (You took it off an orc on level 12 of the Dungeon)

   [ring of dexterity]

   It affects your strength (+3).
   It affects your dexterity (-3).
   It protects you from fire.
   It insulates you from electricity.
 X - an uncursed ring of poison resistance
Wands
 n - a wand of acid (11)
 o - a wand of paralysis (10)
 u - a wand of iceblast (8)
 Y - a wand of disintegration (32)
Scrolls
 c - a scroll of holy word {unknown}
 k - a scroll of vulnerability {unknown}
 p - a scroll of enchant armour
 t - 6 scrolls of immolation
 x - 20 scrolls of remove curse
 z - 6 scrolls of identify
 C - 3 scrolls of magic mapping
 G - 2 scrolls of fog
 H - 3 scrolls of fear
Potions
 f - 11 potions of curing
 s - 5 potions of brilliance
 D - 6 potions of might
 E - 4 potions of ambrosia
 F - 10 potions of agility
 I - a potion of mutation {unknown}
 K - 5 potions of magic {unknown}
 Q - 2 potions of resistance {unknown}
 R - a potion of haste {unknown}
 Z - 2 potions of cancellation {unknown}
Miscellaneous
 j - a sack of spiders
 q - a lamp of fire (inert)
 A - a lightning rod (inert)
Comestibles
 v - 24 rations


   Skills:
 - Level 10.0 Fighting
   Level 3.0 Maces & Flails
 - Level 5.0 Polearms
   Level 2.0 Crossbows
 - Level 9.0 Armour
 - Level 7.0 Dodging
 - Level 17.0 Stealth
 - Level 15.0 Shields
 - Level 8.0 Spellcasting
 - Level 6.1 Conjurations
 - Level 6.0 Charms
   Level 1.0 Summonings
 - Level 15.0 Necromancy
   Level 0.8 Translocations
 - Level 10.0 Transmutations
 * Level 12.2 Fire Magic
 - Level 6.0 Air Magic
 - Level 8.1 Poison Magic
 - Level 10.0 Evocations


You had 12 spell levels left.
You knew the following spells:

 Your Spells              Type           Power        Failure   Level  Hunger
a - Conjure Flame         Conj/Fire      ######..     1%          3    None
b - Ignite Poison         Fire/Tmut/Pois ######..     1%          3    None
c - Magic Dart            Conj           ####         1%          1    None
d - Regeneration          Chrm/Necr      ######....   1%          3    None
e - Mephitic Cloud        Conj/Pois/Air  #####...     1%          3    None
f - Vampiric Draining     Necr           ######....   1%          3    None
h - Dispel Undead         Necr           ######..     1%          5    ####...
z - Sublimation of Blood  Necr           ######....   1%          2    None

Your spell library contained the following spells:

 Spells                   Type           Power        Failure   Level  Hunger
 Animate Skeleton         Necr           N/A          0%          1    None
 Pain                     Necr           ####         0%          1    None
 Beastly Appendage        Tmut           ######       1%          1    None
 Shock                    Conj/Air       ####         1%          1    None
 Sting                    Conj/Pois      ####         1%          1    None
 Corpse Rot               Necr           N/A          1%          2    None
 Passwall                 Tmut/Erth      #####...     1%          2    None
 Poisonous Vapours        Pois/Air       #####.       1%          2    None
 Searing Ray              Conj           #####.       1%          2    None
 Sticks to Snakes         Tmut           ######..     1%          2    None
 Swiftness                Chrm/Air       #####...     1%          2    None
 Spider Form              Tmut/Pois      ######....   1%          3    None
 Static Discharge         Conj/Air       #####...     1%          3    None
 Animate Dead             Necr           N/A          1%          4    ##.....
 Agony                    Necr           ######..     1%          5    ####...
 Olgreb's Toxic Radiance  Pois           ######..     2%          4    ##.....
 Bolt of Draining         Conj/Necr      ######....   2%          5    ####...
 Excruciating Wounds      Chrm/Necr      ######....   2%          5    ####...
 Blade Hands              Tmut           ######....   3%          5    ####...
 Apportation              Tloc           ##....       4%          1    None
 Summon Small Mammal      Summ           ###.         4%          1    None
 Alistair's Intoxication  Tmut/Pois      ######..     4%          5    ####...
 Airstrike                Air            #####.....   5%          4    ##.....
 Iskenderun's Mystic Bla  Conj           #####...     5%          4    ##.....
 Dazzling Spray           Conj/Hex       ####..       6%          3    None
 Stone Arrow              Conj/Erth      ####..       6%          3    None
 Confusing Touch          Hex            ##....       7%          1    None
 Corona                   Hex            ##.....      7%          1    None
 Freeze                   Ice            ##..         7%          1    None
 Sandblast                Erth           ##....       7%          1    None
 Call Imp                 Summ           ###.....     7%          2    None
 Irradiate                Conj/Tmut      ######....   7%          5    ####...
 Ice Form                 Ice/Tmut       #####...     9%          4    ##.....
 Petrify                  Tmut/Erth      #####...     9%          4    ##.....
 Ensorcelled Hibernation  Hex/Ice        ##....       10%         2    None
 Slow                     Hex            ##......     10%         2    None
 Venom Bolt               Conj/Pois      #####.....   10%         5    ####...
 Call Canine Familiar     Summ           ###.....     13%         3    None
 Recall                   Summ/Tloc      N/A          14%         3    None
 Summon Guardian Golem    Hex/Summ       ##......     16%         3    None
 Force Lance              Conj/Tloc      ####....     16%         4    ##.....
 Summon Lightning Spire   Summ/Air       ####....     16%         4    ##.....
 Lightning Bolt           Conj/Air       #####.....   16%         5    ####...
 Hydra Form               Tmut           ######....   17%         6    ######.
 Fulminant Prism          Conj/Hex       ####......   19%         4    ##.....
 Confuse                  Hex            ##......     21%         3    None
 Tukima's Dance           Hex            ##......     21%         3    None
 Yara's Violent Unravell  Hex/Tmut       #####.....   24%         5    ####...
 Bolt of Fire             Conj/Fire      ######....   24%         6    ######.
 Simulacrum               Ice/Necr       #####.....   43%         6    ######.
 Summon Ice Beast         Ice/Summ       ##......     47%         4    ##.....
 Deflect Missiles         Chrm/Air       #####.....   65%         6    ######.
 Dragon Form              Tmut           ######....   67%         7    #######
 Borgnjor's Revivificati  Necr           ######....   67%         8    #######
 Infestation              Necr           ######....   67%         8    #######
 Statue Form              Tmut/Erth      #####....    78%         6    ######.
 Haunt                    Necr/Summ      ######....   91%         7    #######
 Necromutation            Tmut/Necr      ######....   95%         8    #######
 Iron Shot                Conj/Erth      ####......   96%         6    ######.
 Death's Door             Chrm/Necr      ######....   99%         8    #######
 Dispersal                Tloc           ##........   100%        6    ######.
 Shadow Creatures         Summ           N/A          100%        6    ######.
 Dragon's Call            Summ           ###.......   100%        9    #######
 Blink                    Tloc           Unusable     N/A         2    N/A

Dungeon Overview and Level Annotations

Branches:
Dungeon (15/15)            Temple (1/1) D:4            Lair (6/6) D:8
  Swamp (4/4) Lair:3       Spider (4/4) Lair:2        Slime (0/5) Lair:6
    Orc (2/2) D:12            Elf (0/3) Orc:2        Vaults (2/5) D:14
 Depths (0/5) D:15
  Crypt: Vaults:2-3

Altars:
Ashenzari
Cheibriados
Dithmenos
Elyvilon
Fedhas
Gozag
Hepliaklqana
Kikubaaqudgha
Makhleb
Nemelex Xobeh
Okawaru
Qazlal
Ru
Sif Muna
Trog
Uskayaw
Vehumet
Wu Jian
Xom
Yredelemnul
Zin
The Shining One
Beogh
Jiyva

Shops:
D:11 !   D:13 [   Orc:2 !(*:[

Annotations:
Lair:3 exclusion: 3 oklob plants
Swamp:4 Lernaean hydra


Innate Abilities, Weirdness & Mutations

You cannot be hasted, slowed, berserked, paralysed or teleported.
You can dig through walls and to a lower floor.
Your four strong arms can wield two-handed weapons with a shield.
You have a pair of large antennae on your head. (SInv)


Message History

You feel very mighty all of a sudden. You block Cigotuvi's Monster's attack.
Cigotuvi's Monster tramples you but does no damage.
Cigotuvi's Monster stings you! Cigotuvi's Monster grabs you.
Cigotuvi's Monster constricts you!!
Okay, then.
Cigotuvi's Monster's grasp on you weakens, but your attempt to escape fails.
Cigotuvi's Monster barely misses you. You block Cigotuvi's Monster's attack.
Cigotuvi's Monster stings you but does no damage.
Cigotuvi's Monster constricts you!!
Cigotuvi's Monster's grasp on you weakens, but your attempt to escape fails.
You block Cigotuvi's Monster's attack. x3
Cigotuvi's Monster constricts you!
Cigotuvi's Monster's grasp on you weakens, but your attempt to escape fails.
Cigotuvi's Monster completely misses you. x2
Cigotuvi's Monster stings you.
You die...
Your body crumbles into a pile of gold.

#.#.....§§##........####..#
#####§######.........###..#
###...### #..........##..#
##.......###..........##{.#
#...§.....##...........#..#
....§§§..§§###.#.#.#.#.#..#
..§.§§§.§§§###.#.#.#.#.#..#
...§#§#.§...############..#
..§.§§..§...'...@H........#
..§§#§#.....#.............#
..§§.§§.§..####.######)####
≈≈.......≈≈# #.....##.....#
#§≈§§.§.≈≈## ##...####...##
##≈≈≈≈≈≈≈# #...# #...#
##≈≈≈## #..## ##..# #####
#### ####


You could see Cigotuvi's Monster.

Vanquished Creatures
  Jorgrun (Swamp:1)
  A tentacled monstrosity (Swamp:3)
  Rupert (D:13)
  The ghost of maxquad the Warrior, an adept HaHu of Dithmenos (Vaults:1)
  A thorn hunter (Swamp:3)
  A fire giant (D:14)
  4 ghost moths
  9 emperor scorpions
  5 ironheart preservers
  2 vault wardens
  Aizul (Swamp:2)
  The ghost of dracomuter the Blocker, a journeyman HuFi of the Shining One (Lair:6)
  A stone giant (Vaults:2)
  2 entropy weavers
  Azrael (D:12)
  2 spark wasps (Spider:4)
  Snorg (Lair:3)
  2 fire dragons
  A great orb of eyes (Vaults:1)
  3 yaktaur captains
  An ogre mage (Vaults:1)
  2 rakshasas
  An anaconda (shapeshifter) (D:15)
  5 vault guards
  Harold (D:8)
  3 catoblepae (Lair:6)
  24 hydras
  Erica (Lair:1)
  3 two-headed ogres
  A shambling mangrove (Swamp:4)
  A ghost crab (Swamp:4)
  10 alligators
  A death knight (D:14)
  2 centaur warriors (Vaults:2)
  A deep troll shaman (Vaults:1)
  9 orc high priests (Orc:2)
  7 death yaks
  A deep elf knight (Vaults:1)
  An iron golem (WizLab)
  A shadow wraith (Vaults:1)
  Nergalle (Lair:2)
  3 unseen horrors
  4 spriggan druids
  12 swamp dragons
  5 skeletal warriors (D:15)
  3 deep trolls (Vaults:1)
  A wizard (D:14)
  4 orc knights
  A wolf spider zombie (D:13)
  2 orb spiders (shapeshifter)
  6 ironbrand convokers
  5 large abominations (WizLab)
  2 necromancers
  16 orb spiders
  2 deep elf magi
  38 ugly things
  22 wolf spiders
  An orc sorcerer (Orc:2)
  A cyclops (shapeshifter) (D:15)
  2 manticores (Lair:6)
  A harpy (D:14)
  10 cyclopes
  Maurice (D:12)
  5 vault sentinels
  5 black mambas
  Joseph (Lair:1)
  4 centaur zombies
  2 gargoyles
  2 torpor snails
  13 spiny frogs
  A catoblepas zombie (Lair:2)
  8 yaktaurs (Vaults:1)
  A death yak zombie (Lair:4)
  3 rime drakes
  2 kobold demonologists (D:14)
  8 komodo dragons
  2 elves (WizLab)
  9 demonic crawlers
  A freezing wraith (D:14)
  4 hydra zombies
  A catoblepas skeleton (Lair:5)
  14 trolls
  Grinder (D:4)
  2 hydra skeletons
  7 tyrant leeches
  A polar bear (shapeshifter) (Vaults:1)
  38 jumping spiders
  3 polar bears
  A queen bee (shapeshifter) (WizLab)
  4 bog bodies
  20 hornets
  8 hippogriffs
  31 slime creatures
  Prince Ribbit (D:5)
  45 blink frogs
  3 meliai zombies
  3 black mamba zombies
  8 spriggans
  22 tarantellas
  An ettin skeleton (Vaults:2)
  78 redbacks
  A redback (shapeshifter) (WizLab)
  4 wyverns
  6 wraiths
  6 fire elementals (D:12)
  4 basilisks
  A human (shapeshifter) (WizLab)
  4 humans (WizLab)
  69 yaks
  A redback simulacrum (D:14)
  2 hungry ghosts (D:12)
  28 vampire mosquitoes
  2 black mamba skeletons
  2 nagas (shapeshifter)
  17 swamp worms
  8 wargs
  12 insubstantial wisps
  3 acid dragons
  Edmund (D:6)
  A soldier ant (D:14)
  11 porcupines
  2 hell hounds (D:12)
  5 spiny frog zombies
  Duvessa (D:5)
  10 water moccasins
  8 ice beasts
  A sky beast (shapeshifter) (Vaults:1)
  29 orc warriors
  2 sky beasts
  2 blink frog zombies (Lair:2)
  3 phantoms
  13 swamp drakes
  An ice beast (shapeshifter) (WizLab)
  A dream sheep zombie (Lair:3)
  3 black bears
  A hornet zombie (D:11)
  10 ogres
  An orc zombie (Vaults:2)
  A spiny frog skeleton (Lair:1)
  9 small abominations (WizLab)
  6 wolves
  15 centaurs
  10 boggarts
  A torpor snail zombie (Lair:2)
  A blink frog skeleton (Lair:1)
  7 crocodiles
  3 big kobolds
  Blork the orc (D:5)
  18 bullfrogs
  A hippogriff skeleton (Lair:2)
  A rime drake skeleton (Lair:2)
  A komodo dragon zombie (Lair:2)
  4 water moccasin zombies
  3 wyvern skeletons
  2 scorpions
  Dowan (D:5)
  A hornet simulacrum (D:14)
  10 killer bees
  A water moccasin skeleton (Lair:5)
  5 wights (D:11)
  2 howler monkeys (D:8)
  An electric eel (Spider:4)
  4 crimson imps
  A quasit (D:6)
  3 bullfrog skeletons
  8 hounds
  4 human simulacra
  Crazy Yiuf (D:2)
  2 bullfrog zombies
  33 orc priests
  3 centaur skeletons
  5 jellies
  18 orc wizards
  Jessica (D:3)
  5 iguanas
  Ijyb (D:5)
  4 porcupine zombies
  A worker ant (shapeshifter) (WizLab)
  10 worker ants
  2 porcupine skeletons
  3 crocodile zombies (Lair:2)
  A crocodile skeleton (Lair:1)
  2 hound skeletons
  4 gnolls (D:10)
  2 howler monkey skeletons
  A swamp drake zombie (Swamp:4)
  14 adders
  4 river rats (Sewer)
  6 shadow imps
  5 oozes (D:8)
  An adder skeleton (D:9)
  3 worms
  2 dart slugs
  7 leopard geckos
  119 orcs
  7 ball pythons
  6 giant cockroaches
  10 hobgoblins
  10 jackals
  6 quokkas
  8 bats
  6 frilled lizards
  11 goblins
  25 kobolds
  A quokka skeleton (D:5)
  23 rats
1397 creatures vanquished.

Vanquished Creatures (collateral kills)
  An orb spider (Spider:4)
  A tarantella (Spider:3)
  8 redbacks
10 creatures vanquished.

Vanquished Creatures (others)
  A fire giant (D:14)
  A jumping spider (Lair:2)
  A hornet (Swamp:4)
  A redback (D:14)
  A tarantella (Spider:4)
  2 spriggans
  A quokka (D:2)
  15 fungi
  22 plants
45 creatures vanquished.

Grand Total: 1452 creatures vanquished

Notes
Turn   | Place    | Note
-------+----------+-------------------------------------------
     0 | D:1      | DildoBatman the Formicid Wizard began the quest for the
                  | Orb.
     0 | D:1      | Reached XP level 1. HP: 13/13 MP: 4/4
    11 | D:1      | Reached skill level 1 in Conjurations
   355 | D:1      | Reached XP level 2. HP: 19/19 MP: 0/6
   994 | D:2      | Reached XP level 3. HP: 24/24 MP: 3/7
   999 | D:2      | Learned a level 3 spell: Conjure Flame
  1003 | D:2      | Learned a level 3 spell: Mephitic Cloud
  1063 | D:2      | Found a white marble altar of Elyvilon.
  1153 | D:2      | Found a runed translucent door.
  1154 | D:2      | Noticed Crazy Yiuf
  1573 | D:2      | Found an ornate altar of the Wu Jian Council.
  1605 | D:2      | Noticed a bullfrog
  1699 | D:2      | Killed a bullfrog
  1699 | D:2      | Reached XP level 4. HP: 8/30 MP: 0/8
  1699 | D:2      | Reached XP level 5. HP: 9/35 MP: 0/9
  2923 | D:3      | Noticed Jessica
  3240 | D:3      | Reached skill level 5 in Conjurations
  3240 | D:3      | Reached XP level 6. HP: 41/41 MP: 6/10
  3506 | D:3      | Reached XP level 7. HP: 46/46 MP: 8/11
  3666 | D:3      | Killed Jessica
  3666 | D:3      | Reached skill level 1 in Poison Magic
  3769 | D:3      | Found a stormy altar of Qazlal.
  3829 | D:4      | Found a staircase to the Ecumenical Temple.
  3833 | Temple   | Entered the Ecumenical Temple
  4027 | Temple   | Became a worshipper of Kikubaaqudgha
  4125 | D:2      | Killed Crazy Yiuf
  4125 | D:2      | Reached skill level 3 in Stealth
  4125 | D:2      | Reached skill level 1 in Fire Magic
  4250 | D:4      | Reached skill level 1 in Air Magic
  4316 | D:4      | Found a glowing drain.
  4340 | Sewer    | Entered a sewer
  4516 | Sewer    | Reached * piety under Kikubaaqudgha
  4516 | Sewer    | Identified Kikubaaqudgha's Compendium of Stolen Souls
                  | (Kikubaaqudgha gifted it to you in a sewer)
  4516 | Sewer    | Received a gift from Kikubaaqudgha
  4521 | Sewer    | Learned a level 2 spell: Sublimation of Blood
  4525 | Sewer    | Learned a level 3 spell: Vampiric Draining
  4846 | Sewer    | Reached ** piety under Kikubaaqudgha
  4860 | Sewer    | Reached XP level 8. HP: 48/52 MP: 2/12
  5812 | D:4      | Noticed Grinder
  5845 | D:4      | Killed Grinder
  6003 | D:5      | Entered Level 5 of the Dungeon
  6017 | D:5      | Found a sparkling altar of Nemelex Xobeh.
  6040 | D:5      | Noticed Ijyb
  6042 | D:5      | Noticed Blork the orc
  6066 | D:5      | Killed Blork the orc
  6066 | D:5      | Reached skill level 5 in Poison Magic
  6074 | D:5      | Killed Ijyb
  6296 | D:5      | Reached XP level 9. HP: 28/57 MP: 5/13
  6431 | D:5      | Noticed Prince Ribbit
  6486 | D:5      | Reached skill level 1 in Necromancy
  6660 | D:5      | Noticed Duvessa
  6988 | D:6      | Found a deep blue altar of Sif Muna.
  7028 | D:6      | Noticed Edmund
  7050 | D:6      | Killed Edmund
  7255 | D:6      | Found a basalt altar of Yredelemnul.
  7608 | D:5      | Noticed Dowan
  7628 | D:5      | Killed Dowan
  7714 | D:5      | Learned a level 3 spell: Regeneration
  7768 | D:5      | Killed Prince Ribbit
  7867 | D:5      | Got a brightly glowing whip
  7897 | D:5      | Killed Duvessa
  7897 | D:5      | Reached skill level 5 in Necromancy
  7897 | D:5      | Reached XP level 10. HP: 63/63 MP: 11/16
  8000 | D:6      | Identified the +7 whip "Tipp" {slash, *Noise +Fly rN+} (You
                  | found it on level 5 of the Dungeon)
  8099 | D:7      | Reached *** piety under Kikubaaqudgha
  8099 | D:7      | Identified Kikubaaqudgha's Catalogue of Unholy Rituals
                  | (Kikubaaqudgha gifted it to you on level 7 of the Dungeon)
  8099 | D:7      | Received a gift from Kikubaaqudgha
  8099 | D:7      | Reached skill level 1 in Maces & Flails
  8233 | D:7      | Found a shimmering altar of Xom.
  8240 | D:7      | Found a bloodstained altar of Trog.
  8262 | D:7      | Found a burning altar of Makhleb.
  8537 | D:8      | Noticed Harold
  8558 | D:8      | Killed Harold
  8611 | D:8      | Reached skill level 1 in Charms
  8710 | D:8      | Reached skill level 5 in Spellcasting
  8806 | D:8      | Found a staircase to the Lair.
  8814 | D:8      | Noticed a death yak
  8863 | D:8      | Reached **** piety under Kikubaaqudgha
  8896 | D:8      | Reached XP level 11. HP: 46/68 MP: 13/19
  9035 | D:8      | Killed a death yak
  9890 | D:9      | Reached skill level 1 in Fighting
  9890 | D:9      | Reached skill level 1 in Armour
 10000 | D:9      | Reached skill level 1 in Evocations
 10228 | D:9      | Learned a level 5 spell: Dispel Undead
 10316 | D:9      | Reached skill level 4 in Stealth
 10669 | D:10     | Entered Level 10 of the Dungeon
 10804 | D:10     | Reached ***** piety under Kikubaaqudgha
 10917 | D:10     | Noticed a green ugly thing
 10925 | D:10     | Killed a green ugly thing
 10935 | D:10     | Found a blossoming altar of Fedhas.
 11376 | D:11     | Reached skill level 5 in Stealth
 11399 | D:11     | Noticed a cyclops
 11468 | D:11     | Killed a cyclops
 11558 | D:11     | Identified the ring "Xysush" {rElec MR+}
 11685 | D:11     | Found Ogiogoog's Distillery.
 11716 | D:11     | Reached skill level 6 in Stealth
 11716 | D:11     | Reached XP level 12. HP: 83/83 MP: 21/21
 11966 | D:11     | Bought a potion of curing for 48 gold pieces
 11966 | D:11     | Bought a potion of invisibility for 128 gold pieces
 11966 | D:11     | Bought a potion of ambrosia for 128 gold pieces
 12225 | D:12     | Reached skill level 5 in Fighting
 12225 | D:12     | Reached skill level 5 in Armour
 12225 | D:12     | Reached skill level 5 in Evocations
 12335 | D:12     | Noticed Maurice
 12357 | D:12     | Killed Maurice
 12416 | D:12     | Identified the cursed ring of Paceubett {rElec rF+ Str+3
                  | Dex-3}
 12442 | D:12     | Noticed Azrael
 12490 | D:12     | Found a staircase to the Orcish Mines.
 12510 | Orc:1    | Entered Level 1 of the Orcish Mines
 12914 | Orc:1    | Found a roughly hewn altar of Beogh.
 13173 | Orc:2    | Entered Level 2 of the Orcish Mines
 13173 | Orc:2    | Found a staircase to the Elven Halls.
 13300 | Orc:2    | Noticed an orc high priest
 13385 | Orc:2    | Killed an orc high priest
 13386 | Orc:2    | Noticed an orc high priest
 13419 | Orc:2    | Killed an orc high priest
 13429 | Orc:2    | Reached ****** piety under Kikubaaqudgha
 13446 | Orc:2    | Noticed an orc high priest
 13449 | Orc:2    | Noticed an orc high priest
 13450 | Orc:2    | Noticed an orc high priest
 13464 | Orc:1    | Received a gift from Kikubaaqudgha
 13469 | Orc:1    | Fell from the grace of Kikubaaqudgha
 13663 | Temple   | Became a worshipper of Gozag Ym Sagoz the Greedy
 13772 | Lair:1   | Entered Level 1 of the Lair of Beasts
 14062 | Lair:1   | Reached XP level 13. HP: 95/95 MP: 10/24
 14242 | Lair:1   | Noticed Erica
 14264 | Lair:1   | Killed Erica
 14264 | Lair:1   | Reached skill level 5 in Dodging
 14302 | Lair:1   | Noticed Joseph
 14315 | Lair:1   | Killed Joseph
 14479 | Lair:1   | Got a brightly glowing hand crossbow
 14709 | Lair:1   | Identified the cursed +3 hand crossbow "Atwual" {freeze,
                  | *Corrode +Blink rPois rF+} (You found it on level 1 of the
                  | Lair of Beasts)
 14842 | Lair:2   | Reached skill level 1 in Shields
 14947 | Lair:2   | HP: 4/96 [catoblepas zombie[the malice of Kikubaaqudgha]
                  | (24)]
 15100 | Lair:2   | Noticed an eight-headed hydra
 15211 | Lair:2   | Killed an eight-headed hydra
 15211 | Lair:2   | Reached skill level 5 in Shields
 15238 | Lair:2   | Noticed a reaper
 15609 | Lair:2   | Noticed Nergalle
 15625 | Lair:2   | Killed Nergalle
 15800 | Lair:2   | Found a hole to the Spider Nest.
 16365 | Lair:3   | Noticed Snorg
 16401 | Lair:3   | Killed Snorg
 16547 | Lair:3   | Reached skill level 10 in Shields
 16574 | Lair:3   | Noticed a reaper
 16939 | Lair:3   | Noticed an eight-headed hydra
 16945 | Lair:3   | Noticed an eight-headed hydra
 17097 | Lair:3   | Killed an eight-headed hydra
 17097 | Lair:3   | Reached XP level 14. HP: 88/103 MP: 16/26
 17145 | Lair:3   | Found a staircase to the Swamp.
 18903 | Lair:5   | Got an ancient chain mail
 19155 | Lair:5   | Was forgiven by Kikubaaqudgha
 19578 | Lair:6   | Entered Level 6 of the Lair of Beasts
 19844 | Lair:6   | Reached skill level 15 in Shields
 19903 | Lair:6   | Found a runed translucent door.
 19904 | Lair:6   | Noticed dracomuter's ghost (journeyman HuFi)
 19904 | Lair:6   | Identified the +9 spear of the Four Wonders {flame, rPois}
 20072 | Lair:6   | Found a staircase to the Slime Pits.
 20073 | Lair:6   | Found a viscous altar of Jiyva.
 20264 | Lair:6   | Reached XP level 15. HP: 88/108 MP: 19/27
 20467 | Lair:6   | Reached skill level 10 in Necromancy
 20568 | Lair:6   | Identified the +7 chain mail of Wonder {MR+ Int+2 Stlth+}
                  | (You found it on level 5 of the Lair of Beasts)
 20846 | Lair:6   | Identified Mystri's Collected Works on Dusty Ice
 21263 | Lair:6   | Killed dracomuter's ghost
 21340 | Lair:6   | Identified Yquk Gul's Thaumaturgy, Part Six
 21798 | D:12     | Reached skill level 1 in Polearms
 22264 | D:12     | Reached skill level 1 in Crossbows
 22272 | D:12     | Killed Azrael
 22907 | Orc:2    | Found Awoczax's Distillery.
 22920 | Orc:2    | Bought a potion of might for 56 gold pieces
 22920 | Orc:2    | Bought a potion of might for 56 gold pieces
 22920 | Orc:2    | Bought a potion of curing for 42 gold pieces
 22920 | Orc:2    | Bought a potion of curing for 42 gold pieces
 22920 | Orc:2    | Bought a potion of curing for 42 gold pieces
 22920 | Orc:2    | Bought a potion of curing for 42 gold pieces
 22920 | Orc:2    | Bought 2 potions of agility for 112 gold pieces
 22920 | Orc:2    | Bought a potion of heal wounds for 70 gold pieces
 22920 | Orc:2    | Bought a potion of degeneration for 14 gold pieces
 23161 | Orc:2    | Found Cuykehuj's Antique Weapon Boutique.
 23161 | Orc:2    | Found Tutiudei's General Store.
 23175 | Orc:2    | Bought a scroll of identify for 26 gold pieces
 23175 | Orc:2    | Bought a scroll of identify for 26 gold pieces
 23175 | Orc:2    | Bought a potion of curing for 39 gold pieces
 23175 | Orc:2    | Bought a scroll of acquirement for 676 gold pieces
 23184 | Orc:2    | Bought an encrusted mace for 264 gold pieces
 23202 | Orc:2    | Found a roughly hewn altar of Beogh.
 23210 | Orc:2    | Found Ytegaor's Armour Emporium.
 23210 | Orc:2    | Found Xorav's Book Boutique.
 23331 | Orc:2    | Identified the +4 mace of Gozag {venom, Int+5} (You bought
                  | it in a shop on level 2 of the Orcish Mines)
 23334 | Orc:2    | Found the +2 pair of boots of the Assassin {Detection Stab+
                  | Stlth++}
 23395 | Orc:2    | Bought a manual of Stealth for 1214 gold pieces
 23495 | D:13     | Reached skill level 7 in Stealth
 23499 | D:13     | Noticed Rupert
 23554 | D:13     | Killed Rupert
 23554 | D:13     | Reached skill level 9 in Stealth
 23719 | D:13     | Reached skill level 10 in Stealth
 23761 | D:13     | Reached skill level 11 in Stealth
 23761 | D:13     | Reached XP level 16. HP: 105/115 MP: 14/28
 23914 | D:13     | Found Noifra's Armour Emporium.
 24010 | D:13     | Reached skill level 12 in Stealth
 24090 | D:13     | Found a shimmering altar of Xom.
 24298 | D:14     | Reached skill level 13 in Stealth
 24382 | D:14     | Found a sacrificial altar of Ru.
 24491 | D:14     | Reached skill level 14 in Stealth
 24533 | D:14     | Found a gate to the Vaults.
 24560 | D:14     | Reached skill level 15 in Stealth
 24723 | D:14     | Found a runed translucent door.
 24737 | D:14     | Noticed a fire giant
 24783 | D:14     | Reached skill level 16 in Stealth
 25138 | D:15     | Entered Level 15 of the Dungeon
 25180 | D:15     | Found a roughly hewn altar of Beogh.
 25188 | D:15     | Reached skill level 17 in Stealth
 25604 | D:15     | Found a staircase to the Depths.
 26102 | D:15     | Reached XP level 17. HP: 111/122 MP: 18/29
 26474 | D:14     | Identified the Almanac of Poisoning and the Escort
 26594 | D:8      | Learned a level 3 spell: Ignite Poison
 26677 | Spider:1 | Entered Level 1 of the Spider Nest
 26771 | Spider:1 | Reached skill level 5 in Polearms
 26828 | Spider:1 | Reached skill level 1 in Transmutations
 28083 | Spider:2 | Got a jewelled hand crossbow
 28174 | Spider:2 | Identified the +0 hand crossbow of the Seven Stories
                  | {penet, SInv} (You found it on level 2 of the Spider Nest)
 28634 | Spider:3 | Reached skill level 5 in Fire Magic
 29494 | Spider:4 | Entered Level 4 of the Spider Nest
 29589 | Spider:4 | Reached XP level 18. HP: 127/132 MP: 19/30
 30048 | Spider:4 | Reached skill level 5 in Transmutations
 30204 | Spider:4 | Reached skill level 10 in Evocations
 30260 | Spider:4 | Reached skill level 10 in Fighting
 30423 | Spider:4 | Reached skill level 5 in Charms
 30619 | Spider:4 | Got a gossamer rune of Zot
 30979 | Swamp:1  | Entered Level 1 of the Swamp
 31236 | Swamp:1  | Noticed Jorgrun
 31671 | Swamp:1  | Killed Jorgrun
 32791 | Swamp:3  | Noticed Aizul
 32802 | Swamp:2  | Killed Aizul
 32813 | Swamp:3  | Reached XP level 19. HP: 73/140 MP: 15/31
 33622 | Swamp:3  | Noticed a tentacled monstrosity
 33654 | Swamp:3  | Killed a tentacled monstrosity
 33786 | Swamp:4  | Entered Level 4 of the Swamp
 35232 | Swamp:4  | Noticed the 27-headed Lernaean hydra
 35517 | Vaults:1 | Entered Level 1 of the Vaults
 35675 | Vaults:1 | Found a runed translucent door.
 35675 | Vaults:1 | Noticed maxquad's ghost (adept HaHu)
 35949 | Vaults:1 | Reached skill level 10 in Fire Magic
 36185 | Vaults:1 | Reached skill level 15 in Necromancy
 36185 | Vaults:1 | Reached skill level 10 in Transmutations
 36472 | Vaults:1 | Reached skill level 5 in Air Magic
 36864 | Vaults:1 | Killed maxquad's ghost
 36864 | Vaults:1 | Reached XP level 20. HP: 147/147 MP: 11/32
 37500 | Vaults:2 | HP: 5/147 [vault warden/bolt (27)]
 37607 | Vaults:2 | Found a magical portal.
 37619 | WizLab   | Entered Cigotuvi's Fleshworks
 38311 | WizLab   | Identified Cigotuvi's Disquisition on Doomed Transmigration
 38374 | WizLab   | HP: 7/147 [Cigotuvi's Monster (6)]
 38374 | WizLab   | Mangled by Cigotuvi's Monster

Skill      XL: |  1  2  3  4  5  6  7  8  9 10 11 12 13 14 15 16 17 18 19 20 |
---------------+-------------------------------------------------------------+-----
Conjurations   | 1 2 4 5 6 |  6.1
Poison Magic   | 3 6 8 |  8.1
Stealth        | 3 6 11 17 | 17.0
Fire Magic     | 2 4 5 8 10 12 | 12.2
Air Magic      | 1 3 4 5 6 |  6.0
Necromancy     | 5 8 9 12 13 14 15 | 15.0
Spellcasting   | 4 5 6 7 8 |  8.0
Maces & Flails | 3 |  3.0
Charms         | 3 4 6 |  6.0
Dodging        | 3 4 5 7 |  7.0
Fighting       | 4 6 7 9 10 | 10.0
Armour         | 4 6 7 9 |  9.0
Evocations     | 4 6 7 8 9 10 | 10.0
Shields        | 11 15 | 15.0
Polearms       | 3 4 5 |  5.0
Crossbows      | 1 2 |  2.0
Transmutations | 4 7 10 | 10.0
Summonings     | |  1.0
Translocations | |  0.8

Action                   |  1- 3 |  4- 6 |  7- 9 | 10-12 | 13-15 | 16-18 | 19-21 || total
-------------------------+-------+-------+-------+-------+-------+-------+-------++-------
Melee: Club              |    16 |       |       |       |       |       |       ||    16
       Short sword       |     1 |     9 |       |       |       |       |       ||    10
       Dagger            |       |       |    70 |       |       |       |       ||    70
       Hunting sling     |       |       |     1 |       |       |       |       ||     1
       Whip              |       |       |       |   489 |   702 |       |       ||  1191
       Scimitar          |       |       |       |       |     9 |       |       ||     9
       Spear             |       |       |       |       |   359 |  1440 |   936 ||  2735
 Fire: Hunting sling     |       |    43 |   323 |    37 |     2 |       |       ||   405
       Hand crossbow     |       |       |       |       |    49 |    19 |       ||    68
Throw: Stone             |     1 |       |       |       |       |       |       ||     1
 Cast: Magic Dart        |    89 |    88 |    98 |    70 |     9 |       |       ||   354
       Mephitic Cloud    |       |     7 |    32 |    89 |   160 |   154 |    65 ||   507
       Conjure Flame     |       |     2 |    20 |    54 |   150 |    79 |    23 ||   328
       Sublimation of Bl |       |       |     6 |    22 |    33 |    63 |    28 ||   152
       Regeneration      |       |       |     4 |    49 |    50 |    74 |    55 ||   232
       Vampiric Draining |       |       |     2 |       |    18 |    72 |    24 ||   116
       Dispel Undead     |       |       |       |     8 |     8 |    26 |    31 ||    73
       Ignite Poison     |       |       |       |       |       |       |    33 ||    33
Invok: Receive Necronomi |       |       |       |     1 |       |       |       ||     1
       Renounce Religion |       |       |       |     1 |       |       |       ||     1
       Potion Petition   |       |       |       |       |       |       |     3 ||     3
 Abil: Dig               |       |     4 |    16 |    27 |    52 |    33 |    13 ||   145
Evoke: Wand              |       |       |       |     3 |    22 |     3 |     4 ||    32
       Lamp of fire      |       |       |       |       |       |     2 |     3 ||     5
       Lightning rod     |       |       |       |       |       |       |     5 ||     5
  Use: Scroll            |       |       |     1 |    14 |     6 |     9 |     6 ||    36
       Potion            |       |       |       |     1 |     4 |     2 |    13 ||    20
 Stab: Confused          |       |       |       |    29 |    57 |   108 |    21 ||   215
       Sleeping          |       |       |       |     5 |     2 |    31 |    16 ||    54
       Paralysed         |       |       |       |     2 |       |       |       ||     2
       Distracted        |       |       |       |       |     2 |    11 |     9 ||    22
       Invisible         |       |       |       |       |       |     2 |     1 ||     3
  Eat: Chunk             |     2 |     7 |    20 |    29 |       |       |       ||    58
       Ration            |       |       |       |     2 |    12 |    14 |     8 ||    36
Armor: Robe              |     4 |     1 |    22 |    19 |       |       |       ||    46
       Troll leather arm |       |       |       |    85 |   170 |   327 |   191 ||   773
Dodge: Dodged            |    30 |    12 |    89 |   267 |   362 |   409 |   288 ||  1457
Block: Large shield      |       |       |       |       |   474 |   965 |   675 ||  2114
